 Dungeon Crawl Stone Soup version 0.25-a0-496-g8c4878dea3 (webtiles) character file.

Game seed: 13149075685287712549, levelgen mode: deterministic

154 Emblim88 the Ducker (level 5, -7/28 HPs)
             Began as a Spriggan Abyssal Knight on Feb 12, 2020.
             Was a Priest of Lugonu.
             Killed by divine providence
             ... invoked by an orc priest
              (16 damage)
             ... on level 3 of the Dungeon.
             The game lasted 00:11:31 (3751 turns).

Emblim88 the Ducker (Spriggan Abyssal Knight)       Turns: 3751, Time: 00:11:31

Health: -7/28      AC:  2    Str:  8    XL:     5   Next: 13%
Magic:  7/7        EV: 22    Int: 14    God:    Lugonu [***...]
Gold:   92         SH:  0    Dex: 16    Spells: 4/4 levels left

rFire    . . .     SeeInvis +   a - +1 falchion
rCold    . . .     Gourm    .   (shield restricted)
rNeg     . . .     Faith    .   b - +0 robe
rPois    .         Spirit   .   (helmet restricted)
rElec    .         Reflect  .   (no cloak)
rCorr    .         Harm     .   (gloves unavailable)
MR       .....                  (boots unavailable)
Stlth    +++.......             (no amulet)
HPRegen  0.09/turn              h - ring of stealth
MPRegen  0.10/turn              q - +1 ring of evasion

@: very quick
A: very small, unfitting armour, see invisible, herbivore, speed 3, slow
metabolism 2
a: Depart the Abyss, Bend Space, Banish, Renounce Religion


You were on level 3 of the Dungeon.
You worshipped Lugonu.
Lugonu was most pleased with you.
You were hungry.

You visited 1 branch of the dungeon, and saw 3 of its levels.
You visited the Abyss 1 time.

You collected 92 gold pieces.

Inventory:

Hand Weapons
 a - a +1 falchion (weapon)
Missiles
 d - 58 stones (quivered)
 m - 2 throwing nets
Armour
 b - a +0 robe (worn)
Jewellery
 h - a ring of stealth (left hand)
 q - a +1 ring of evasion (right hand)
 r - an uncursed ring of magical power
Scrolls
 e - a scroll of remove curse {unknown}
 f - 2 scrolls of teleportation
 g - a scroll of fog {unknown}
 n - a scroll of enchant weapon {unknown}
 s - 4 scrolls of enchant armour {unknown}
Potions
 j - a potion of might
 k - 2 potions of agility {unknown}
 l - 2 potions of lignification {unknown}
 o - 2 potions of heal wounds {unknown}
 p - a potion of haste
 t - a potion of degeneration {unknown}
Comestibles
 c - 2 rations


   Skills:
 + Level 2.9 Fighting
 + Level 2.2 Long Blades
 + Level 1.2 Throwing
 * Level 5.3 Dodging
 + Level 2.7 Stealth
 + Level 2.4 Invocations


You had 4 spell levels left.
You didn't know any spells.
Your spell library was empty.

Dungeon Overview and Level Annotations

Branches:
Dungeon (3/15)

Altars:


Innate Abilities, Weirdness & Mutations

You are very small and have problems with some larger weapons.
You are too small for most types of armour.
You have supernaturally acute eyesight. (SInv)
You are a herbivore.
You cover ground extremely quickly.
You need to consume almost no food.


Message History

You throw a stone.
The stone hits the orc priest but does no damage.
The orc priest casts a cantrip, but nothing happens.
The orc priest hits you with a +0 falchion.
Things that are here:
a +0 trident; a +0 ring mail; an orc corpse You hit the orc priest.
The orc priest is lightly wounded.
The orc priest invokes the aid of Beogh against you.
Beogh smites you!
You are too injured to fight recklessly!
You hit the orc priest but do no damage.
The orc priest is lightly wounded.
The orc priest misses you.
You hit the orc priest but do no damage.
The orc priest is lightly wounded.
The orc priest calls down the wrath of Beogh upon you.
Beogh smites you!
Ouch! That really hurt!
You die...

####('#### #.# #.#
#.# #...#
#.###.####.## #o###
#..##.#.....# ###.#
##.##.#.<...#
..o.######
.######.##########
#)o.......
........# ##>##
#.#######.
.######.##8...8 .<#
####.##..... ###
#@...#8.....8
....((o.#####.....#
.##(###.# #8...8#
#.# #.. ... #.# .!.


You could see an orc priest.

Vanquished Creatures
  5 adders
  2 oozes
  3 worms
  6 orcs (D:3)
  3 ball pythons
  3 giant cockroaches
  10 goblins
  8 hobgoblins
  6 jackals
  13 kobolds
  2 quokkas (D:2)
  8 bats
  3 frilled lizards
  7 rats
79 creatures vanquished.

Notes
Turn   | Place    | Note
-------+----------+-------------------------------------------
     0 | Abyss:1  | Emblim88 the Spriggan Abyssal Knight began the quest for
                  | the Orb.
     0 | Abyss:1  | Reached XP level 1. HP: 11/11 MP: 3/3
    35 | D:1      | Escaped the Abyss
    74 | D:1      | Reached skill level 4 in Dodging
    74 | D:1      | Reached XP level 2. HP: 9/16 MP: 4/4
   323 | D:1      | Reached skill level 1 in Stealth
   536 | D:1      | Reached XP level 3. HP: 16/19 MP: 5/5
   566 | D:1      | Reached ** piety under Lugonu
  1841 | D:2      | Reached XP level 4. HP: 23/23 MP: 6/6
  2553 | D:2      | Reached skill level 5 in Dodging
  3258 | D:3      | Reached skill level 1 in Throwing
  3289 | D:3      | Reached *** piety under Lugonu
  3290 | D:3      | Reached XP level 5. HP: 25/28 MP: 7/7
  3751 | D:3      | Killed from afar by an orc priest

Levels and vault maps discovered:
D:1:      minmay_arrival_loop, layout_basic, serial_park_tiny_2
D:2:      minmay_recursive_quarters, layout_loops_corners
D:3:      kennysheep_big_flooded_room, layout_loops_ring,
          nicolae_overflow_hidden_temple, uniq_crazy_yiuf_cottage, uniq_grinder

Skill      XL: |  1  2  3  4 |
---------------+-------------+-----
Dodging        | 4 5 |  5.3
Stealth        | 1 2 |  2.7
Invocations    | 2 |  2.4
Long Blades    | 2 |  2.2
Throwing       | 1 |  1.2
Fighting       | |  2.9

Action                   |  1- 3 |  4- 6 || total
-------------------------+-------+-------++-------
Melee: Falchion          |   108 |   110 ||   218
Throw: Dart              |     5 |    24 ||    29
       Stone             |     1 |     4 ||     5
  Use: Scroll            |     2 |     2 ||     4
 Stab: Sleeping          |     7 |     7 ||    14
Armor: Robe              |    12 |    11 ||    23
Dodge: Dodged            |   116 |    94 ||   210
       Rpst.: Falchion   |    37 |    35 ||    72

Table legend:
 A = Non-vault XP
 B = Vault XP
 C = Vault XP percentage of total XP
 D = Non-vault monster count
 E = Vault monster count
 F = Vault count percentage of total count
                 A         B        C        D         E       F
            +---------+---------+-------+---------+---------+-------
      Total |     191 |      30 |  13.6 |      66 |      13 |  16.5
            +---------+---------+-------+---------+---------+-------
        D:1 |      61 |       0 |   0.0 |      31 |       0 |   0.0
        D:2 |      93 |      24 |  20.5 |      24 |      11 |  31.4
        D:3 |      37 |       6 |  14.0 |      11 |       2 |  15.4
            +---------+---------+-------+---------+---------+-------
